AoeStats
← HR Pinkman

Hideout

508762791Analyzed
1v1 RM · 8d ago on Sep 23, 2026· 77m 2s· 2 players
Game mode
Random Map
Map size
Tiny (2 player)
Population
200
Speed
Normal
Resources
Standard
Victory
Conquest
Starting age
Dark Age
Ending age
Imperial Age
RankedLock teamsTeams togetherTeam positionsShared explorationLock speedFull tech treeHidden civsTurbo modeCheats
Victory
Defeat
🇨🇱 Slavs · Chile
2159
+9
🇧🇷 Byzantines · Brazil
2006
-9
Crankshaft
8:27 Feudal Age
8:53 Double-Bit Axe
8:48 Horse Collar
14:44 Loom
17:45 Castle Age
16:58 Gold Mining
19:23 Bow Saw
19:49 Wheelbarrow
22:15 Sanctity
22:50 Redemption
32:31 Imperial Age
30:42 Pikeman
36:31 Scale Mail Armor
37:36 Heavy Plow
38:56 Block Printing
39:10 Chain Mail Armor
38:57 Squires
39:59 Forging
41:18 Plate Mail Armor
42:10 Scale Barding Armor
44:28 Chain Barding Armor
44:50 Hand Cart
47:29 Conscription
46:49 Elite Cataphract
48:04 Fortified Wall
47:22 Halberdier
48:39 Iron Casting
50:26 Plate Barding Armor
52:58 Ballistics
54:53 Fletching
55:04 Padded Archer Armor
55:47 Guilds
57:08 Chemistry
57:46 Bodkin Arrow
58:07 Leather Archer Armor
64:08 Thumb Ring
64:08 Bracer
66:13 Elite Skirmisher
68:53 Elite Varangian Guard
HR Pinkman
6:27 Loom
9:13 Feudal Age
10:01 Double-Bit Axe
9:39 Man-at-Arms
12:44 Horse Collar
18:16 Castle Age
17:08 Scale Barding Armor
17:11 Double-Bit Axe
18:10 Bloodlines
18:09 Scale Barding Armor
18:04 Scale Mail Armor
18:17 Forging
18:19 Gold Mining
19:18 Chain Barding Armor
21:31 Husbandry
26:08 Light Cavalry
35:00 Town Watch
35:50 Wheelbarrow
36:13 Bow Saw
39:21 Imperial Age
37:11 Scale Mail Armor
36:51 Long Swordsman
37:32 Squires
38:15 Hand Cart
39:43 Chain Mail Armor
40:03 Iron Casting
39:27 Two-Handed Swordsman
40:54 Plate Mail Armor
43:03 Champion
44:38 Conscription
46:05 Plate Barding Armor
46:31 Blast Furnace
46:14 Town Watch
46:07 Pikeman
47:50 Two-Man Saw
46:50 Heavy Plow
46:27 Hussar
47:05 Halberdier
49:54 Druzhina
51:19 Fletching
51:29 Capped Ram
52:41 Bodkin Arrow
56:10 Padded Archer Armor
57:26 Detinets
58:56 Ballistics
59:36 Chemistry
60:05 Masonry
60:01 Siege Engineers
60:53 Gold Mining
60:59 Siege Ram
69:01 Onager
Connection lost

Rejoining the realm…

Still unreachable

The connection could not be restored.

Session expired

The server has moved on; the page needs a fresh start.